 Dungeon Crawl Stone Soup version 0.24-a0-139-geb6712d (webtiles) character file.

Game seed: 2913371967999601758

385 Anon1729 the Ruffian (level 6, 0/43 HPs)
             Began as an Octopode Fighter on Mar 2, 2019.
             Slain by Duvessa
             ... wielding a cursed -1 rapier
              (9 damage)
             ... on level 4 of the Dungeon.
             The game lasted 00:02:48 (2131 turns).

Anon1729 the Ruffian (Octopode Fighter)             Turns: 2131, Time: 00:02:49

Health: 0/43       AC:  1    Str: 17    XL:     6   Next: 77%
Magic:  6/6        EV: 12    Int: 10    God:
Gold:   209        SH:  9    Dex: 12    Spells: 5/5 levels left

rFire    + . .     SeeInvis .     - Unarmed
rCold    x . .     Gourm    .   a - +0 shield
rNeg     . . .     Faith    .   (helmet restricted)
rPois    .         Spirit   .   g - amulet of harm
rElec    .         Reflect  .   e - ring of wizardry
rCorr    .         Harm     +   m - ring of attention (curse)
MR       .....                  t - ring of fire
Stlth    ++........             (no ring)
HPRegen  0.14/turn              (no ring)
MPRegen  0.10/turn              (no ring)
                                (no ring)
                                (no ring)

@: no status effects
A: almost no armour, stealthy swim, amphibious, 8 rings, constrict 8, camouflage
1, gelatinous body 1
a: no special abilities


You were on level 4 of the Dungeon.
You were not hungry.

You visited 1 branch of the dungeon, and saw 4 of its levels.

You collected 209 gold pieces.

Inventory:

Hand Weapons
 u - a +1 flail of draining
Armour
 a - a +0 shield (worn)
Jewellery
 e - a ring of wizardry (left tentacle)
 g - an amulet of harm (around mantle)
 m - a cursed ring of attention (right tentacle)
 t - a ring of fire (on tentacle)
Scrolls
 d - a scroll of teleportation {unknown}
 f - 2 scrolls of identify {unknown}
 i - a scroll of magic mapping {unknown}
 j - 4 scrolls of remove curse {unknown}
 l - a scroll of blinking {unknown}
 p - a scroll of immolation {unknown}
 r - a scroll of fog {unknown}
 s - a scroll of enchant armour {unknown}
Potions
 b - 2 potions of might
 h - a potion of cancellation {unknown}
 k - 2 potions of invisibility {unknown}
 n - 3 potions of flight {unknown}
 o - 2 potions of lignification {unknown}
 q - a potion of resistance {unknown}
Comestibles
 c - 4 rations
 v - 3 chunks of flesh


   Skills:
 + Level 3.7 Fighting
 + Level 3.9 Dodging
 + Level 3.5 Stealth
 + Level 4.1 Shields
 + Level 4.5 Unarmed Combat


You had 5 spell levels left.
You didn't know any spells.
Your spell library was empty.

Dungeon Overview and Level Annotations

Branches:
Dungeon (4/15)
 Temple: D:4-7

Altars:
Dithmenos
Makhleb
Okawaru
Zin

Annotations:
D:4 Duvessa


Innate Abilities, Weirdness & Mutations

You cannot wear most types of armour.
You are very stealthy in the water. (Stealth+)
You are amphibious.
You can wear up to eight rings at the same time.
You can use your tentacles to constrict eight enemies at once.
Your skin changes colour to match your surroundings (Stealth+).
Your rubbery body absorbs attacks. (AC +1, EV +1)


Message History

You kill the goblin!
You constrict the goblin, but do no damage.
The goblin hits you with a +0 dagger.
* * * LOW HITPOINT WARNING * * *
You tentacle-slap Robin. You grab Robin. You squeeze Robin!
Robin is almost dead.
You constrict Robin, but do no damage. You constrict the goblin.
You kill the goblin!
You block Robin's attack.
You tentacle-slap Robin but do no damage.
Robin is almost dead.
You constrict Robin.
You kill Robin!
Duvessa closely misses you.
You tentacle-slap the goblin. You grab the goblin.
The goblin is heavily wounded.
You constrict the goblin.
You kill the goblin!
Duvessa hits you with a cursed -1 rapier!
You die...

..# #....#.# #...
.wg..##.#.# ##..
.#.##o#.##.#.## #
##..
.o...ggg......##.#
#...
##.###g##g......#
###..#
...........$..#
#....#
#.###.####)..##
#.#.##
#.###.####.#.#
#.#.#
.....wge@).#.#
#.#.#
##########...#
##.#)# #.#.#
###..(.# #.#.#
#...)..# #.#.#
#.#...### #.#.#
#.##.....
#[#.####.##.####
#...........#
#........##.#


You could see Duvessa, a worm and a goblin.

Vanquished Creatures
  Edmund (D:4)
  An ogre (D:4)
  Crazy Yiuf (D:3)
  An orc wizard (D:3)
  Robin (D:4)
  4 adders
  2 worms
  2 leopard geckos (D:1)
  6 orcs
  2 bats (D:1)
  3 giant cockroaches (D:1)
  22 goblins
  5 hobgoblins
  3 jackals (D:2)
  A ball python (D:3)
  2 frilled lizards
  A jackal zombie (D:4)
  4 kobolds
  8 rats
70 creatures vanquished.

Notes
Turn   | Place    | Note
-------+----------+-------------------------------------------
     0 | D:1      | Anon1729 the Octopode Fighter began the quest for the Orb.
     0 | D:1      | Reached XP level 1. HP: 16/16 MP: 1/1
    92 | D:1      | Reached XP level 2. HP: 21/21 MP: 2/2
   332 | D:1      | Reached XP level 3. HP: 16/26 MP: 3/3
  1182 | D:3      | Reached skill level 1 in Stealth
  1182 | D:3      | Reached XP level 4. HP: 27/31 MP: 4/4
  1396 | D:3      | Found a shadowy altar of Dithmenos.
  1402 | D:3      | Found a burning altar of Makhleb.
  1404 | D:3      | Found a glowing silver altar of Zin.
  1461 | D:3      | Reached XP level 5. HP: 5/36 MP: 5/5
  1565 | D:3      | Found a runed translucent door.
  1566 | D:3      | Noticed Crazy Yiuf
  1572 | D:3      | Killed Crazy Yiuf
  1599 | D:3      | Found an iron altar of Okawaru.
  1612 | D:4      | Noticed Edmund
  1623 | D:4      | HP: 1/36 [Edmund/+1 flail of draining (2)]
  1624 | D:4      | Killed Edmund
  1624 | D:4      | Reached XP level 6. HP: 1/42 MP: 6/6
  2100 | D:4      | Noticed Robin
  2102 | D:4      | Noticed Duvessa
  2130 | D:4      | Killed Robin
  2131 | D:4      | Slain by Duvessa

Levels and vault maps discovered:
D:1:      dpeg_arrival_line_fractal, layout_basic
D:2:      layout_basic, first_ration
D:3:      layout_rooms, nicolae_overflow_hidden_temple, uniq_crazy_yiuf_cottage
D:4:      layout_loops_ring, nicolae_overflow_crystal_walls,
          minmay_diced_spiral, uniq_edmund, uniq_duvessa, uniq_robin

Skill      XL: |  1  2  3  4  5 |
---------------+----------------+-----
Stealth        | 1 3 |  3.5
Unarmed Combat | 3 4 |  4.5
Shields        | 4 |  4.1
Fighting       | |  3.7
Dodging        | |  3.9

Action                   |  1- 3 |  4- 6 || total
-------------------------+-------+-------++-------
Melee: Unarmed           |    75 |    72 ||   147
       Constrict         |    23 |    19 ||    42
       Tentacles         |    18 |    18 ||    36
       Punch             |       |     1 ||     1
 Stab: Sleeping          |     5 |     4 ||     9
  Eat: Chunk             |       |     4 ||     4
Armor: Skin              |     8 |     3 ||    11
Dodge: Dodged            |    31 |    30 ||    61
Block: Shield            |    32 |    21 ||    53

Table legend:
 A = Non-vault XP
 B = Vault XP
 C = Vault XP percentage of total XP
 D = Non-vault monster count
 E = Vault monster count
 F = Vault count percentage of total count
                 A         B        C        D         E       F
            +---------+---------+-------+---------+---------+-------
      Total |     311 |     240 |  43.6 |      56 |      14 |  20.0
            +---------+---------+-------+---------+---------+-------
        D:1 |      42 |       0 |   0.0 |      24 |       0 |   0.0
        D:2 |      31 |       0 |   0.0 |      12 |       0 |   0.0
        D:3 |      95 |      41 |  30.1 |      15 |       1 |   6.2
        D:4 |     143 |     199 |  58.2 |       5 |      13 |  72.2
            +---------+---------+-------+---------+---------+-------
